 Dungeon Crawl Stone Soup version 0.25-a0-302-g9f758675c1 (webtiles) character file.

Game seed: 11992446489231133900, levelgen mode: deterministic

15752 HonoreeLepton the Fighter (level 12, -11/80 HPs)
             Began as a Gargoyle Berserker on Dec 17, 2019.
             Was an Elder of Trog.
             Mangled by a shadow wraith (13 damage)
             ... summoned by a vampire mage
             ... on level 11 of the Dungeon on Dec 20, 2019.
             The game lasted 02:08:08 (14685 turns).

HonoreeLepton the Fighter (Gargoyle Berserker)     Turns: 14685, Time: 02:08:08

Health: -11/80     AC: 35    Str: 30    XL:     12   Next: 30%
Magic:  12/12      EV:  9    Int: 10    God:    Trog [****..]
Gold:   698        SH:  0    Dex:  9    Spells: 11/11 levels left

rFire    + . .     SeeInvis .   b - +9 long sword of Conscience {protect, Str+6}
rCold    + . .     Gourm    .   (no shield)
rNeg     + . .     Faith    .   w - +1 plate armour
rPois    ∞         Spirit   .   o - +0 helmet
rElec    +         Reflect  .   P - scarf {rC+ rF+}
rCorr    .         Harm     .   p - +0 pair of gloves
MR       +....                  T - +0 pair of boots
Stlth    ..........             R - amulet of regeneration
HPRegen  0.63/turn              A - ring of protection from magic
MPRegen  0.13/turn              (no ring)

@: protection aura, slowed, very slow
A: negative energy resistance 1, electricity resistance, unbreathing,
petrification resistance, rot immunity, AC +8
a: Berserk, Trog's Hand, Brothers in Arms, Renounce Religion


You were on level 11 of the Dungeon.
You worshipped Trog.
Trog was greatly pleased with you.
You were not hungry.

You visited 2 branches of the dungeon, and saw 13 of its levels.

You collected 698 gold pieces.

Inventory:

Hand Weapons
 a - a +6 dire flail
 b - the +9 long sword of Conscience (weapon) {protect, Str+6}
   (You found it on level 7 of the Dungeon)

   It grants its wielder temporary protection when it strikes (+7 to AC).
   It affects your strength (+6).
 u - a +3 battleaxe of chopping
 x - a +2 long sword of protection
 y - the +0 battleaxe "Xom's Passing Interest" {drain, rF+}
   (You found it on level 9 of the Dungeon)

   A truly terrible weapon, it drains the life of those it strikes.
   It protects you from fire.
Armour
 m - a +0 shield
 o - a +0 helmet (worn)
 p - a +0 pair of gloves (worn)
 w - a +1 plate armour (worn)
 F - a +0 large shield
 H - a scarf of cloud immunity
 P - a scarf of resistance (worn)
 T - a +0 pair of boots (worn)
Jewellery
 A - a ring of protection from magic (left hand)
 D - an uncursed amulet of guardian spirit
 Q - the amulet of Bunykly {Faith rC++, unknown}
   (You found it on level 11 of the Dungeon)

   [amulet of faith]

   It allows you to gain divine favour quickly.
   It greatly protects you from cold.
 R - an amulet of regeneration (around neck)
Wands
 J - a wand of paralysis (9)
 V - a wand of polymorph (10)
Scrolls
 d - 4 scrolls of enchant armour
 e - a scroll of amnesia
 f - a scroll of magic mapping
 g - a scroll of enchant weapon {unknown}
 h - 4 scrolls of remove curse
 i - 2 scrolls of immolation
 j - 5 scrolls of teleportation
 q - a scroll of fog {unknown}
 r - 2 scrolls of fear {unknown}
 C - a scroll of vulnerability {unknown}
 I - a scroll of torment {unknown}
 K - 2 scrolls of identify
 M - a scroll of silence {unknown}
 N - a scroll of random uselessness {unknown}
Potions
 k - 2 potions of heal wounds
 l - 6 potions of curing
 s - a potion of ambrosia {unknown}
 t - a potion of magic {unknown}
 v - 2 potions of haste {unknown}
 z - 4 potions of brilliance {unknown}
 B - 3 potions of flight {unknown}
 E - 3 potions of cancellation
 G - a potion of agility {unknown}
 L - a potion of might {unknown}
 O - a potion of lignification {unknown}
 S - a potion of resistance {unknown}
 U - a potion of mutation {unknown}
Comestibles
 c - 19 rations
 n - 5 chunks of flesh


   Skills:
 + Level 11.0 Fighting
 * Level 10.6 Long Blades
 - Level 8.7 Maces & Flails
 + Level 10.4 Armour
 - Level 3.0 Dodging
 - Level 0.7 Stealth


You had 11 spell levels left.
You didn't know any spells.
Your spell library contained the following spells:

 Spells                   Type           Power        Failure   Level  Hunger
 Animate Skeleton         Necr           N/A          95%         1    ##.....
 Apportation              Tloc           #.....       95%         1    ##.....
 Confusing Touch          Hex            #.....       95%         1    ##.....
 Pain                     Necr           #...         95%         1    ##.....
 Summon Small Mammal      Summ           #...         95%         1    ##.....
 Blink                    Tloc           N/A          99%         2    ###....
 Call Imp                 Summ           #.......     99%         2    ###....
 Shroud of Golubria       Chrm/Tloc      #.....       99%         2    ###....
 Call Canine Familiar     Summ           #.......     100%        3    ####...
 Gell's Gravitas          Tloc           #.........   100%        3    ####...
 Lesser Beckoning         Tloc           #.........   100%        3    ####...
 Regeneration             Chrm/Necr      #.........   100%        3    ####...
 Summon Guardian Golem    Hex/Summ       #.......     100%        3    ####...
 Teleport Other           Tloc           #.......     100%        3    ####...
 Vampiric Draining        Necr           #.........   100%        3    ####...
 Animate Dead             Necr           N/A          100%        4    #####..
 Passage of Golubria      Tloc           N/A          100%        4    #####..
 Summon Ice Beast         Ice/Summ       #.......     100%        4    #####..
 Summon Lightning Spire   Summ/Air       #.......     100%        4    #####..
 Irradiate                Conj/Tmut      #.........   100%        5    ######.
 Hydra Form               Tmut           #.........   100%        6    #######
 Dragon Form              Tmut           #.........   100%        7    #######
 Statue Form              Tmut/Erth      Unusable     N/A         6    N/A

Dungeon Overview and Level Annotations

Branches:
Dungeon (12/15)            Temple (1/1) D:6            Lair (0/6) D:10
    Orc (0/2) D:10

Altars:
Ashenzari
Cheibriados
Dithmenos
Elyvilon
Fedhas
Gozag
Hepliaklqana
Kikubaaqudgha
Makhleb
Nemelex Xobeh
Okawaru
Qazlal
Ru
Sif Muna
Trog
Uskayaw
Vehumet
Wu Jian
Xom
Yredelemnul
Zin
The Shining One

Shops:
D:4 }   D:9 }

Portals:
Trove: D:12 (give 16 potions of curing)

Annotations:
D:4 1 runed translucent door, Crazy Yiuf
D:5 1 runed translucent door, exclusion: door
D:6 Menkaure


Innate Abilities, Weirdness & Mutations

You are resistant to torment.
Your stone body is resilient. (AC +8)
You are immune to poison.
You resist negative energy. (rN+)
You are resistant to electric shocks. (rElec)
You can survive without breathing.
You are immune to petrification.
You are immune to rotting.


Message History

Something hits you but does no damage.
You slash something! Something hits you but does no damage.
Something completely misses you. x2
You slash something! Something hits you but does no damage.
Something bites you but does no damage. Something hits you.
You hit something but do no damage. Something hits you but does no damage.
Something bites you but does no damage.
The jiangshi claws you but does no damage. x2
You hit something but do no damage. The jiangshi claws you.
The jiangshi claws you! Something hits you. Something drains your vigour!
You feel yourself slow down.
Unholy energy fills the air.
You closely miss something. The jiangshi claws you!
* * * LOW HITPOINT WARNING * * *
The jiangshi claws you!
* * * LOW HITPOINT WARNING * * *
The jiangshi claws you but does no damage.
The jiangshi claws you.
* * * LOW HITPOINT WARNING * * *
Something hits you!
You die...

#......#####.....####........##..
...................##........#..#
###............................##
....#######...................###
##### ##.....######.####.....
###########.......####...........
...........)............####÷####
########.......V[[#####.###.)#
#.###...{@## #...##..## #.#
##..{#####.###..## #.#
##.####...###.## #.#
#)##...####..# ##.# #.##.### #.##
###..# #.#.(# ##.# #####...##
#...## ##..# ..)...### ##..#
#..## .###### #..# #.##


You could see a jiangshi.

Vanquished Creatures
  Snorg (D:11)
  Josephine (D:11)
  2 two-headed ogres
  3 ogre magi (D:11)
  A wizard (D:11)
  An ugly thing (D:9)
  An elephant (D:10)
  A gargoyle (D:10)
  A komodo dragon (D:11)
  A merfolk (D:9)
  A troll (D:9)
  A hornet (D:11)
  2 hippogriffs
  Sigmund (D:6)
  3 wraiths (D:11)
  A basilisk (D:9)
  13 yaks
  Eustachio (D:6)
  A steam dragon (D:9)
  2 hungry ghosts
  An acid dragon (D:11)
  Duvessa (D:4)
  2 water moccasins
  2 ice beasts
  2 orc warriors
  2 black bears
  2 necrophages
  An eye of draining (D:9)
  2 sky beasts
  4 ogres
  3 centaurs
  A crocodile (D:10)
  A big kobold (D:9)
  7 bullfrogs
  A gnoll sergeant (D:8)
  Dowan (D:4)
  4 scorpions
  4 wights (D:7)
  5 howler monkeys
  4 crimson imps
  A centaur zombie (D:10)
  5 hounds
  A bullfrog zombie (D:11)
  10 orc priests
  4 jellies
  2 bullfrog skeletons
  A centaur skeleton (D:4)
  6 iguanas
  Ijyb (D:4)
  13 orc wizards
  3 worker ants
  A hound zombie (D:8)
  2 hound skeletons
  A worker ant zombie (D:10)
  9 gnolls
  A howler monkey skeleton (D:10)
  11 adders
  3 shadow imps
  2 adder zombies (D:9)
  A dart slug (D:3)
  9 leopard geckos
  51 orcs
  8 bats
  3 giant cockroaches
  9 goblins
  5 hobgoblins
  16 jackals
  10 kobolds
  2 quokkas
  A ball python (D:6)
  4 frilled lizards
  A giant cockroach zombie (D:3)
  A quokka zombie (D:7)
  5 rats
292 creatures vanquished.

Vanquished Creatures (others)
  An orc wizard (D:3)
1 creature vanquished.

Grand Total: 293 creatures vanquished

Notes
Turn   | Place    | Note
-------+----------+-------------------------------------------
     0 | D:1      | HonoreeLepton the Gargoyle Berserker began the quest for
                  | the Orb.
     0 | D:1      | Reached XP level 1. HP: 14/14 MP: 1/1
    90 | D:1      | Reached XP level 2. HP: 17/19 MP: 2/2
   729 | D:1      | Reached XP level 3. HP: 24/24 MP: 3/3
  1036 | D:2      | Reached XP level 4. HP: 29/29 MP: 4/4
  1042 | D:2      | Reached skill level 4 in Fighting
  1078 | D:2      | Reached ** piety under Trog
  1224 | D:2      | You fall into a shaft and drop 2 floors!
  1580 | D:3      | Reached XP level 5. HP: 33/33 MP: 5/5
  2432 | D:4      | Found Pusoqy's Gadget Shoppe.
  2495 | D:4      | Found a hazy altar of Hepliaklqana.
  2732 | D:4      | Reached XP level 6. HP: 36/39 MP: 6/6
  2749 | D:4      | Reached skill level 5 in Maces & Flails
  2892 | D:4      | Noticed Dowan
  2916 | D:4      | Killed Dowan
  2922 | D:4      | Noticed Ijyb
  3001 | D:4      | Noticed Duvessa
  3017 | D:4      | Killed Ijyb
  3041 | D:4      | Killed Duvessa
  3041 | D:4      | Reached XP level 7. HP: 29/44 MP: 7/7
  3304 | D:4      | Found a runed translucent door.
  3305 | D:4      | Noticed Crazy Yiuf
  3388 | D:4      | Reached *** piety under Trog
  3586 | D:5      | Entered Level 5 of the Dungeon
  4033 | D:5      | Reached skill level 5 in Fighting
  4780 | D:5      | Reached XP level 8. HP: 51/51 MP: 8/8
  4838 | D:5      | Found a runed translucent door.
  4838 | D:5      | Found a glowing golden altar of the Shining One.
  4838 | D:5      | Noticed an angel
  4935 | D:5      | Found an ancient bone altar of Kikubaaqudgha.
  5051 | D:5      | Found an iron altar of Okawaru.
  5208 | D:6      | Noticed Menkaure
  5804 | D:6      | Reached skill level 6 in Fighting
  5846 | D:6      | Noticed Sigmund
  5867 | D:6      | Killed Sigmund
  5867 | D:6      | Reached skill level 5 in Armour
  6099 | D:6      | Found a staircase to the Ecumenical Temple.
  6118 | D:6      | Reached XP level 9. HP: 16/56 MP: 9/9
  6185 | D:6      | Noticed Eustachio
  6344 | D:7      | Got an ichor-stained long sword
  6345 | D:7      | Identified the +9 long sword of Conscience {protect, Str+6}
                  | (You found it on level 7 of the Dungeon)
  6469 | D:6      | Reached **** piety under Trog
  6469 | D:6      | Reached skill level 1 in Long Blades
  6643 | D:6      | Found a burning altar of Makhleb.
  6703 | D:6      | Killed Eustachio
  6724 | D:6      | Found a basalt altar of Yredelemnul.
  6726 | Temple   | Entered the Ecumenical Temple
  7461 | D:7      | Reached skill level 7 in Fighting
  7615 | D:7      | Found a shadowy altar of Dithmenos.
  7654 | D:7      | Paralysed by fainting for 10 turns
  8314 | D:8      | Reached skill level 5 in Long Blades
  8682 | D:8      | Reached XP level 10. HP: 55/64 MP: 7/10
  8896 | D:8      | Found an opulent altar of Gozag.
  8896 | D:8      | Found a white marble altar of Elyvilon.
  8896 | D:8      | Found a sacrificial altar of Ru.
  9048 | D:8      | Reached skill level 8 in Fighting
  9076 | D:8      | Found a stormy altar of Qazlal.
  9533 | D:9      | Reached ***** piety under Trog
  9533 | D:9      | Received a gift from Trog
  9574 | D:9      | Found Reityf's Gadget Shoppe.
  9585 | D:9      | Got an ebony battleaxe
  9608 | D:8      | Identified the cursed +0 battleaxe "Xom's Passing Interest"
                  | {drain, rF+} (You found it on level 9 of the Dungeon)
 10376 | D:10     | Entered Level 10 of the Dungeon
 10409 | D:10     | Noticed an elephant
 10468 | D:10     | Noticed a two-headed ogre
 10640 | D:10     | Got an encrusted cloak
 10641 | D:10     | Identified the +2 cloak "Ziaruti" {*Contam Int+6 Stlth+}
                  | (You found it on level 10 of the Dungeon)
 10727 | D:10     | Noticed a green ugly thing
 10769 | D:10     | Reached skill level 9 in Fighting
 10779 | D:10     | Noticed a gargoyle
 10905 | D:9      | Killed a green ugly thing
 11016 | D:9      | Reached XP level 11. HP: 71/71 MP: 11/11
 11063 | D:10     | Found a staircase to the Lair.
 11520 | D:10     | Killed a two-headed ogre
 11799 | D:10     | Received a gift from Trog
 11834 | D:10     | Found a staircase to the Orcish Mines.
 12064 | D:11     | Noticed Snorg
 12083 | D:11     | Killed Snorg
 12083 | D:11     | Reached skill level 10 in Fighting
 12195 | D:11     | Noticed Josephine
 12334 | D:11     | Got a warped bone amulet
 12399 | D:11     | Killed Josephine
 13816 | D:11     | Upgraded the game from 0.25-a0-294-gea9b1ad378 to
                  | 0.25-a0-302-g9f758675c1
 13959 | D:12     | Noticed a two-headed ogre
 14092 | D:12     | Killed a two-headed ogre
 14092 | D:12     | Reached skill level 10 in Long Blades
 14128 | D:12     | Found a portal to a secret trove of treasure.
 14157 | D:12     | Noticed a two-headed ogre
 14239 | D:12     | Noticed an ogre mage
 14239 | D:12     | Noticed an ogre mage
 14239 | D:12     | Noticed an ogre mage
 14239 | D:12     | Noticed an ogre mage
 14239 | D:12     | Noticed an ogre mage
 14239 | D:12     | Noticed a wizard
 14249 | D:11     | Killed an ogre mage
 14249 | D:11     | Reached skill level 10 in Armour
 14249 | D:11     | Reached XP level 12. HP: 79/79 MP: 12/12
 14368 | D:12     | Noticed an ogre mage
 14368 | D:12     | Noticed a vampire mage
 14495 | D:11     | Killed an ogre mage
 14583 | D:11     | Killed an ogre mage
 14583 | D:11     | Reached skill level 11 in Fighting
 14674 | D:11     | Noticed a jiangshi
 14685 | D:11     | HP: 2/80 [jiangshi[a vampire mage] (4)]
 14685 | D:11     | Mangled by a shadow wraith

Levels and vault maps discovered:
D:1:      noname_arrival_rooms_in_the_neighbourhood, layout_basic,
          minmay_pentomino_s4
D:2:      layout_rooms, first_ration
D:3:      mumra_celtic_spiral_tile, layout_basic
D:4:      layout_loops_ring, kennysheep_mini_moat, serial_shops, shop,
          minmay_liquid_box, uniq_crazy_yiuf_cottage, uniq_duvessa, uniq_ijyb
D:5:      layout_basic, lemuel_doored_altar, nicolae_overflow_hidden_temple,
          lemuel_angel_altar
D:6:      layout_loops_ring, kennysheep_mini, minmay_temple_entry_purple_smoke,
          nrook_loot_triangle, bloody_makhleb, uniq_sigmund, uniq_eustachio,
          uniq_menkaure
D:7:      layout_gridville, overflow_temple_1_default
D:8:      layout_basic, lemuel_coloured_pillars_altar,
          gammafunk_temple_overflow_forgotten
D:9:      layout_small_grid, serial_shops, nicolae_shop_behind_doors,
          hangedman_fish_farm
D:10:     layout_cave_pools, david_lair_generic, orc_0_dummy, st_stairs_11,
          kennysheep_generic_room_8
D:11:     layout_rooms, uniq_josephine, uniq_snorg
D:12:     layout_long_grid, nicolae_trove_entry_free_sample,
          minmay_guarded_unrand_prune
Temple:   nicolae_temple_figure_eight

Skill      XL: |  1  2  3  4  5  6  7  8  9 10 11 12 |
---------------+-------------------------------------+-----
Dodging        | 2 3 |  3.0
Fighting       | 4 5 6 7 9 10 11 | 11.0
Maces & Flails | 4 5 6 8 |  8.7
Armour         | 3 4 5 6 8 10 | 10.4
Long Blades    | 5 7 10 | 10.6
Stealth        | |  0.7

Action                   |  1- 3 |  4- 6 |  7- 9 | 10-12 || total
-------------------------+-------+-------+-------+-------++-------
Melee: Mace              |   109 |   304 |   330 |       ||   743
       Unarmed           |       |     3 |       |       ||     3
       Long sword        |       |       |   152 |   438 ||   590
Invok: Trog's Hand       |       |       |     3 |       ||     3
       Berserk           |       |       |     1 |       ||     1
Evoke: Wand              |       |       |       |     3 ||     3
  Use: Scroll            |       |       |     2 |    12 ||    14
       Potion            |       |       |       |     3 ||     3
 Stab: Paralysed         |       |       |       |    11 ||    11
  Eat: Chunk             |     1 |     6 |    24 |    16 ||    47
       Ration            |       |       |       |     2 ||     2
Armor: Animal skin       |    56 |       |       |       ||    56
       Leather armour    |     4 |    61 |       |       ||    65
       Scale mail        |       |    79 |       |       ||    79
       Skin              |       |    17 |       |       ||    17
       Chain mail        |       |       |   152 |       ||   152
       Plate armour      |       |       |   148 |   370 ||   518
Dodge: Dodged            |   111 |   203 |   171 |   186 ||   671
       Rpst.: Long sword |       |       |    16 |    45 ||    61

Table legend:
 A = Non-vault XP
 B = Vault XP
 C = Vault XP percentage of total XP
 D = Non-vault monster count
 E = Vault monster count
 F = Vault count percentage of total count
                 A         B        C        D         E       F
            +---------+---------+-------+---------+---------+-------
      Total |   13868 |    8635 |  38.4 |     266 |      27 |   9.2
            +---------+---------+-------+---------+---------+-------
        D:1 |      30 |       8 |  21.1 |      19 |       4 |  17.4
        D:2 |      71 |       0 |   0.0 |      19 |       0 |   0.0
        D:3 |     104 |       0 |   0.0 |      24 |       0 |   0.0
        D:4 |     278 |     247 |  47.0 |      16 |       3 |  15.8
        D:5 |     650 |       0 |   0.0 |      24 |       0 |   0.0
        D:6 |     949 |     419 |  30.6 |      34 |       2 |   5.6
        D:7 |    1339 |       0 |   0.0 |      21 |       0 |   0.0
        D:8 |     757 |       0 |   0.0 |      27 |       0 |   0.0
        D:9 |    2700 |    1075 |  28.5 |      35 |       5 |  12.5
       D:10 |    3338 |     610 |  15.5 |      25 |       4 |  13.8
       D:11 |    2775 |    6276 |  69.3 |      21 |       9 |  30.0
       D:12 |     877 |       0 |   0.0 |       1 |       0 |   0.0
            +---------+---------+-------+---------+---------+-------
